 Dungeon Crawl Stone Soup version 0.18.1-1-g2f07953 (webtiles) character file.

1149 varam the Thaumaturge (level 8, 15/36 HPs)
             Began as a Spriggan Earth Elementalist on May 7, 2016.
             Was a Believer of Vehumet.
             Quit the game on level 7 of the Dungeon.
             The game lasted 00:36:14 (8021 turns).

varam the Thaumaturge (Spriggan Earth Elementalist) Turns: 8021, Time: 00:36:14

Health: 15/36      AC:  2    Str:  4    XL:     8   Next: 15%
Magic:  6/21       EV: 20    Int: 18    God:    Vehumet [**....]
Gold:   254        SH:  0    Dex: 17    Spells: 3 memorised, 15 levels left

rFire  . . .     SeeInvis +     x - +0 dagger
rCold  . . .     Gourm    .     b - +0 robe
rNeg   . . .     Faith    .     (shield restricted)
rPois  .         Spirit   .     (helmet restricted)
rElec  .         Dismiss  +     (no cloak)
rCorr  .         Reflect  .     (gloves unavailable)
SustAt +         Harm     .     (boots unavailable)
MR     +....                    C - amulet of dismissal
Stlth  +++.......               s - ring of sustain attributes
                                m - +2 ring of evasion

@: quite poisoned (15 -> 8), very quick, somewhat resistant to hostile
enchantments, fairly stealthy
A: unfitting armour, see invisible, herbivore 3, speed 3, slow metabolism 2
a: Renounce Religion


You were on level 7 of the Dungeon.
You worshipped Vehumet.
Vehumet was pleased with you.
You were full.

You visited 2 branches of the dungeon, and saw 8 of its levels.
You also visited: Ossuary.

You collected 254 gold pieces.

Inventory:

Hand Weapons
 x - a +0 dagger (weapon)
Armour
 b - a +0 robe (worn)
 B - a +0 buckler
Jewellery
 m - a +2 ring of evasion (left hand)
 s - a ring of sustain attributes (right hand)
 y - an uncursed amulet of regeneration
 C - an amulet of dismissal (around neck)
Wands
 A - a wand of digging (10/24)
 E - a wand of teleportation (2/9)
Scrolls
 f - 2 scrolls of enchant armour {unknown}
 g - 5 scrolls of amnesia {unknown}
 h - 4 scrolls of identify {unknown}
 i - 2 scrolls of remove curse
 l - 2 scrolls of fear {unknown}
 n - 3 scrolls of enchant weapon
 o - a scroll of fog {unknown}
 u - 2 scrolls of teleportation {unknown}
 v - a scroll of random uselessness {unknown}
 F - a scroll of immolation {unknown}
Potions
 e - 3 potions of degeneration {unknown}
 j - 7 potions of curing {unknown}
 k - a potion of berserk rage {unknown}
 p - 6 potions of lignification {unknown}
 q - a potion of flight {unknown}
 r - a potion of cancellation {unknown}
 t - 6 potions of brilliance {unknown}
 w - a potion of haste {unknown}
 z - a potion of might {unknown}
 D - a potion of heal wounds {unknown}
Books
 c - a book of Geomancy

   Spells                             Type                      Level
   a - Sandblast                      Earth                        1
   b - Passwall                       Transmutation/Earth          2
   c - Stone Arrow                    Conjuration/Earth            3
   d - Petrify                        Transmutation/Earth          4
   e - Lee's Rapid Deconstruction     Earth                        5
Comestibles
 a - a slice of pizza
 d - 2 bread rations


   Skills:
 - Level 3.0 Dodging
 - Level 4.2 Stealth
 - Level 8.5 Spellcasting
 - Level 1.9 Conjurations
   Level 1.3 Transmutations
 + Level 6.1 Earth Magic


You had 15 spell levels left.
You knew the following spells:

 Your Spells              Type           Power        Failure   Level  Hunger
a - Stone Arrow           Conj/Erth      ###...       6%          3    None
b - Sandblast             Erth           ####..       1%          1    None
c - Lee's Rapid Deconstr  Erth           ####......   24%         5    #####..


Dungeon Overview and Level Annotations

Branches:
Dungeon (7/15)             Temple (1/1) D:4

Altars:
Ashenzari
Cheibriados
Elyvilon
Gozag
Kikubaaqudgha
Makhleb
Okawaru
Sif Muna
Trog
Vehumet
Xom
Yredelemnul
Zin

Shops:
D:4 *

Annotations:
D:2 Natasha
D:3 darl0's ghost, amateur TrBe
D:5 Grinder; Sigmund


Innate Abilities, Weirdness & Mutations

You are tiny and cannot use many weapons and most armour.
You have supernaturally acute eyesight.
You are a herbivore.
You cover ground extremely quickly.
You need consume almost no food.


Message History

Unknown command.
The killer bee completely misses you. The killer bee misses you.
The killer bee completely misses you. The killer bee barely misses you.
The killer bee stings you! The killer bee misses you.
The killer bee misses you. The killer bee barely misses you.
The killer bee misses you. The killer bee closely misses you.
The killer bee stings you but does no damage.
The killer bee misses you. The killer bee stings you.
You are poisoned.
The killer bee poisons you!
You feel sick. The killer bee stings you!
You are more poisoned.
The killer bee poisons you!
You feel sick.
Are you sure you want to abandon this character and quit the game? (Confirm with "yes".)

#.........# #<........#
#.........#
..####.........#
...............# ..
...##..........# .. .
##.........# ..
##..>......# #[ #
#..@.......########.
.%.#.#y.####..>........
[....#y####..####.###..
##.........#####...#..
#.#.##...## #.....#..
#.#. #.#..###.##.[...
..#..##.....##.#...
...#.######..##.##..
..... #....##.##..


You could see 2 killer bees.

Vanquished Creatures
  An orc warrior (D:7)
  A sky beast (D:6)
  2 elf zombies (Ossuary)
  2 scorpions (D:4)
  2 killer bees (D:7)
  A crimson imp (D:5)
  A human zombie (Ossuary)
  An orc priest (D:3)
  3 centaur zombies (Ossuary)
  A giant frog skeleton (D:6)
  2 orc wizards
  4 worker ants
  2 big kobold zombies (Ossuary)
  2 mummies (Ossuary)
  A worker ant zombie (D:4)
  7 adders
  A shadow imp (D:7)
  An adder zombie (D:6)
  An adder skeleton (D:4)
  4 worms
  4 giant geckos
  15 orcs
  A giant cockroach (D:3)
  13 hobgoblins
  3 jackals (D:1)
  4 kobolds
  5 quokkas
  3 ball pythons
  9 bats
  A giant gecko zombie (D:4)
  4 giant newts
  2 goblins
  11 hobgoblin zombies (Ossuary)
  A jackal zombie (Ossuary)
  7 kobold zombies (Ossuary)
  7 orc zombies (Ossuary)
  A quokka skeleton (D:4)
  8 rats
  2 rat zombies (Ossuary)
141 creatures vanquished.

Notes
Turn   | Place    | Note
--------------------------------------------------------------
     0 | D:1      | varam the Spriggan Earth Elementalist began the quest for the Orb.
     0 | D:1      | Reached XP level 1. HP: 9/9 MP: 5/5
   475 | D:1      | Reached skill level 3 in Spellcasting
   531 | D:1      | Reached XP level 2. HP: 13/13 MP: 4/7
  1087 | D:2      | Found a deep blue altar of Sif Muna.
  1146 | D:2      | Reached XP level 3. HP: 16/16 MP: 5/9
  1348 | D:2      | Learned a level 3 spell: Stone Arrow
  1391 | D:2      | Noticed Natasha
  2413 | D:3      | Reached skill level 4 in Spellcasting
  2445 | D:3      | Reached XP level 4. HP: 21/21 MP: 9/11
  2547 | D:3      | Noticed darl0's ghost (amateur TrBe)
  2596 | D:3      | Noticed an eye of draining
  2597 | D:3      | Found a bloodstained altar of Trog.
  2609 | D:3      | Noticed an ice beast
  3003 | D:3      | Reached XP level 5. HP: 20/24 MP: 2/12
  3475 | D:4      | Found a staircase to the Ecumenical Temple.
  3541 | D:4      | Reached skill level 5 in Spellcasting
  3541 | D:4      | Reached skill level 5 in Earth Magic
  3730 | D:4      | Found Zin's Purification Station.
  3733 | D:4      | Found a glowing silver altar of Zin.
  3748 | Temple   | Entered the Ecumenical Temple
  3777 | Temple   | Became a worshipper of Vehumet
  3983 | D:4      | Reached XP level 6. HP: 28/28 MP: 7/15
  4185 | D:4      | Found a snail-covered altar of Cheibriados.
  4231 | D:4      | Reached skill level 6 in Spellcasting
  4480 | D:4      | Got a twitching turquoise ring
  4481 | D:4      | Identified the cursed ring of Kecuusao {*Drain rElec Int-2 Stlth+} (You found it on level 4 of the Dungeon)
  4584 | D:5      | Entered Level 5 of the Dungeon
  4632 | D:5      | Noticed Grinder
  5022 | D:5      | Noticed Sigmund
  5179 | D:6      | Noticed an orc warrior
  5480 | D:7      | Killed an orc warrior
  5480 | D:7      | Reached skill level 7 in Spellcasting
  5480 | D:7      | Reached XP level 7. HP: 21/32 MP: 0/18
  5723 | D:6      | Found a sand-covered staircase.
  5732 | Ossuary  | Entered an ossuary
  5882 | Ossuary  | Reached * piety under Vehumet
  5882 | Ossuary  | Offered knowledge of Shock by Vehumet.
  6177 | Ossuary  | Reached skill level 8 in Spellcasting
  6413 | Ossuary  | Reached skill level 1 in Conjurations
  7348 | Ossuary  | Learned a level 5 spell: Lee's Rapid Deconstruction
  7485 | D:6      | Reached ** piety under Vehumet
  7488 | D:6      | Reached XP level 8. HP: 36/36 MP: 8/21
  7806 | D:7      | Offered knowledge of Throw Frost by Vehumet.
  7918 | D:7      | Found an opulent altar of Gozag.
  8021 | D:7      | Quit the game

Skill      XL: |  1  2  3  4  5  6  7  8 |
---------------+-------------------------+-----
Spellcasting   | 3 4 5 7 8 |  8.5
Earth Magic    | 3 4 5 6 |  6.1
Conjurations   | 1 |  1.9
Stealth        | 4 |  4.2
Dodging        | |  3.0
Transmutations | |  1.3

Action                   |  1- 3 |  4- 6 |  7- 9 || total
-------------------------+-------+-------+-------++-------
Melee: Dagger            |       |       |     2 ||     2
 Cast: Sandblast         |    71 |    67 |    53 ||   191
       Stone Arrow       |     1 |    34 |    63 ||    98
  Use: Scroll            |       |     2 |       ||     2
  Eat: Pizza             |       |     1 |       ||     1
       Fruit             |       |     2 |     1 ||     3
       Bread ration      |       |       |     1 ||     1
Armor: Robe              |     2 |     1 |     7 ||    10
Dodge: Dodged            |    21 |    32 |    80 ||   133
